 Dungeon Crawl Stone Soup version 0.27-a0-1228-gfd60fd639a (webtiles) character file.

Game seed: 131032032857070044

261 Shayle the Grasshopper (level 5, -6/41 HPs)
             Began as a Demonspawn Warper on June 7, 2021.
             Was an Initiate of Wu Jian.
             Mangled by an ogre
             ... wielding a +0 giant club
              (17 damage)
             ... on level 4 of the Dungeon.
             The game lasted 00:06:51 (4355 turns).

Shayle the Grasshopper (Demonspawn Warper)          Turns: 4355, Time: 00:06:52

Health: -6/41      AC:  8    Str: 11    XL:     5   Next: 96%
Magic:  8/8        EV: 11    Int: 15    God:    Wu Jian [......]
Gold:   129        SH:  0    Dex: 15    Spells: 8/8 levels left

rFire    . . .     SeeInvis .   a - +0 falchion
rCold    . . .     Faith    .   (no shield)
rNeg     . . .     Spirit   .   j - +0 ring mail
rPois    +         Reflect  .   r - +1 helmet
rElec    .         Harm     .   (no cloak)
rCorr    .         Rampage  .   i - +0 pair of gloves
Will     .....                  (no boots)
Stlth    ++........             f - amulet of magic regeneration
HPRegen  0.13/turn              c - ring of poison resistance
MPRegen  0.47/turn              (no ring)

@: no status effects
A: claws 1, thin skeletal structure 1, spiny 1, magic regeneration
a: Renounce Religion


You were on level 4 of the Dungeon.
You worshipped Wu Jian.
Wu Jian was noncommittal.
You visited 1 branch of the dungeon, and saw 4 of its levels.

You collected 129 gold pieces.

Inventory:

Hand Weapons
 a - a +0 falchion (weapon)
Missiles
 e - 12 boomerangs of dispersal
 l - 8 poisoned darts (quivered)
Armour
 b - a +0 leather armour
 i - a +0 pair of gloves (worn)
 j - a +0 ring mail (worn)
 q - the +0 ring mail of the Invisible Hand {Will+}
   (You found it on level 4 of the Dungeon)

   It increases your willpower.
 r - a +1 helmet (worn)
Jewellery
 c - a ring of poison resistance (left hand)
 f - an amulet of magic regeneration (around neck)
Scrolls
 d - a scroll of blinking
 g - a scroll of teleportation {unknown}
 h - a scroll of fear {unknown}
 k - a scroll of vulnerability {unknown}
 n - a scroll of enchant armour {unknown}
Potions
 m - a potion of curing {unknown}
 o - a potion of attraction
 p - a potion of invisibility


   Skills:
 + Level 3.5 Fighting
 + Level 3.2 Long Blades
 - Level 0.8 Throwing
 - Level 0.8 Armour
 + Level 3.1 Dodging
 - Level 2.0 Spellcasting
 + Level 3.8 Translocations


You had 8 spell levels left.
You didn't know any spells.
Your spell library contained the following spells:

 Spells                   Type           Power      Damage    Failure   Level
 Blink                    Tloc           N/A        N/A       17%         2
 Gell's Gravitas          Tloc           6%         N/A       34%         3
 Lesser Beckoning         Tloc           6%         N/A       34%         3
 Teleport Other           Tloc           12%        N/A       34%         3
 Summon Small Mammal      Summ           4%         N/A       47%         1
 Call Imp                 Summ           1%         N/A       63%         2
 Call Canine Familiar     Summ           1%         N/A       85%         3
 Summon Guardian Golem    Hex/Summ       1%         N/A       85%         3
 Manifold Assault         Tloc           12%        N/A       97%         5
 Summon Ice Beast         Ice/Summ       1%         N/A       99%         4
 Summon Lightning Spire   Summ/Air       1%         N/A       99%         4


Dungeon Overview and Level Annotations

Branches:
Dungeon (4/15)
 Temple: D:4-7

Altars:
Fedhas
Wu Jian

Annotations:
D:3 Jessica


Innate Abilities, Weirdness & Mutations

You have sharp fingernails.
You have a somewhat thin skeletal structure. (Dex +2, Stealth+)
You are partially covered in sharp spines.
You regenerate magic rapidly.


Message History

There is a stone staircase leading down here.
The adder barely misses you. The adder is struck by your spines.
The adder bites you but does no damage.
You miss the adder.
The adder is moderately wounded.
The adder barely misses you.
You riposte.
You miss the adder.
The adder is moderately wounded.
The adder is struck by your spines. The adder bites you but does no damage.
You hit the adder.
The adder is severely wounded.
The adder barely misses you.
You hit the adder.
You kill the adder!
The Council accepts your kill.
You hit the ogre.
The ogre is lightly wounded.
The ogre closely misses you.
You slash the ogre!
The ogre is moderately wounded.
The ogre misses you.
You hit the ogre.
The ogre is heavily wounded.
The ogre hits you with a +0 giant club!!
Ouch! That really hurt!
You hit the ogre.
The ogre is severely wounded.
The ogre hits you with a +0 giant club!
* * * LOW HITPOINT WARNING * * *
You hit the ogre.
The ogre is severely wounded.
The ogre barely misses you.
You riposte.
You barely miss the ogre.
The ogre is severely wounded.
You hit the ogre.
The ogre is almost dead.
The ogre barely misses you.
You riposte.
You hit the ogre.
The ogre is almost dead.
You barely miss the ogre.
The ogre is almost dead.
The ogre hits you with a +0 giant club!
You die...

#..###'###.## #..# #.#
#.# #..###.###.#
#..........##
#...........#
##.########.######
#.######........#
#<..........##.####
##@#.###.##.#......
#.###O#.###)##.#..####
#.......##.....#..#
.#.###...##........####
........................
.........>..†.<.........
.#............#..#..###.
#..................# #.
....................# #.


You could see an ogre.

Vanquished Creatures
  A black bear (D:4)
  An iguana (D:4)
  Robin (D:3)
  3 gnolls (D:2)
  3 adders
  A dart slug (D:2)
  5 bats
  6 endoplasms
  5 giant cockroaches
  10 goblins
  7 hobgoblins
  4 jackals (D:2)
  2 quokkas
  6 ball pythons
  6 frilled lizards
  7 kobolds
  7 rats
75 creatures vanquished.

Notes
Turn   | Place    | Note
-------+----------+-------------------------------------------
     0 | D:1      | Shayle the Demonspawn Warper began the quest for the Orb.
     0 | D:1      | Reached XP level 1. HP: 16/16 MP: 3/3
   720 | D:1      | Gained mutation: You have sharp fingernails. [demonic
                  | ancestry]
   720 | D:1      | Reached XP level 2. HP: 19/22 MP: 5/5
  1694 | D:2      | Gained mutation: You are partially covered in sharp spines.
                  | [demonic ancestry]
  1694 | D:2      | Reached XP level 3. HP: 7/28 MP: 6/6
  2394 | D:2      | Gained mutation: You have a somewhat thin skeletal
                  | structure. (Dex +2, Stealth+) [demonic ancestry]
  2394 | D:2      | Reached XP level 4. HP: 11/34 MP: 7/7
  3158 | D:3      | Noticed Robin
  3439 | D:4      | Found an ornate altar of the Wu Jian Council.
  3452 | D:4      | Became a worshipper of the Wu Jian Council
  3471 | D:4      | Identified the +0 ring mail of the Invisible Hand {Will+}
  3475 | D:4      | Noticed a black bear
  3572 | D:3      | Found a faded altar of an unknown god.
  3661 | D:3      | Found a blossoming altar of Fedhas.
  3748 | D:3      | Gained mutation: You regenerate magic rapidly. [demonic
                  | ancestry]
  3748 | D:3      | Reached XP level 5. HP: 36/41 MP: 8/8
  3769 | D:3      | Killed Robin
  4208 | D:3      | Noticed Jessica
  4272 | D:4      | Killed a black bear
  4335 | D:4      | Noticed an ogre
  4355 | D:4      | Mangled by an ogre

Illustrated notes

Levels and vault maps discovered:
D:1:      dpeg_arrival_round_a, layout_basic
D:2:      layout_loops_ring
D:3:      layout_basic, lemuel_coloured_pillars_altar,
          lemuel_zombie_altar_kikubaaqudgha, elyvilon_altar_1, tgw_sif,
          ebering_ecumenical_altar_hall, uniq_robin
D:4:      layout_basic, lemuel_doored_altar

Skill      XL: |  1  2  3  4  5 |
---------------+----------------+-----
Dodging        | 2 3 |  3.1
Long Blades    | 2 3 |  3.2
Translocations | 3 |  3.8
Fighting       | 3 |  3.5
Throwing       | |  0.8
Armour         | |  0.8
Spellcasting   | |  2.0

Action                   |  1- 3 |  4- 6 || total
-------------------------+-------+-------++-------
Melee: Falchion          |   119 |    81 ||   200
Throw: Dart              |     5 |       ||     5
Invok: Lunge             |       |     5 ||     5
  Use: Scroll            |       |     2 ||     2
Armor: Leather armour    |    30 |       ||    30
       Ring mail         |    10 |    38 ||    48
Dodge: Dodged            |    77 |    54 ||   131
       Rpst.: Falchion   |    22 |    17 ||    39

Table legend: (Time is in decaauts)
 A = Elapsed time spent in this place.
 B = Non-inter-level travel time spent in this place.
 C = Inter-level travel time spent in this place.
 D = Time resting spent in this place.
 E = Time spent auto-exploring this place.
 F = Levels seen in this place.
 G = Mean time per level.
                   A        B        C        D        E       F      G
               +--------+--------+--------+--------+--------+-----+--------+
         Total |   4392 |   4216 |    176 |    755 |   2667 |   4 | 1098.0 |
       Dungeon |   4392 |   4216 |    176 |    755 |   2667 |   4 | 1098.0 |
               +--------+--------+--------+--------+--------+-----+--------+

Top non-repeatable levels by time:
     D:1: 1908 daAuts
     D:2: 1160 daAuts
     D:3: 918 daAuts
     D:4: 404 daAuts
